[Event "88th Tata Steel Masters 2026"]
[White "Erdogmus,Yagiz Kaan"]
[Black "Abdusattorov,Nodirbek"]
[Site "Wijk aan Zee"]
[Round "1.1"]
[Annotator "TA"]
[Result "1/2-1/2"]
[Date "2026.01.17"]
[WhiteElo "2658"]
[BlackElo "2751"]
[PlyCount "82"]
[TimeControl "60"]

1. e4 e5 2. Nf3 Nc6 3. Bb5 a6 4. Bxc6 dxc6 5. O-O Qf6 6. d4 {[%emt 0:0:0] C68: Ruy Lopez: Exchange Variation, sidelines.} exd4 7. Bg5 Qd6 8. Nxd4 {[%emt 0:0:0][%cal Yf3d4,Yd4e2,Ye2f4][%mdl 32] White is slightly better.} Be7 9. Be3 Nf6 10. f3 c5 {[%emt 0:0:0] The main line 10...c5 scores better than 10...0-0.} 11. Ne2 Be6 12. Nf4 O-O-O 13. Qxd6 cxd6 14. Nc3 d5 15. exd5 Nxd5 16. Nfxd5 Bxd5 17. Na4 Bf6 18. Bxc5 ({Reject} 18. Nxc5 $6 Rhe8 (18... Bxb2 $2 19. Rab1 $19 )19. Kf2 Bxb2 $17 )b5 19. Nc3 Bxc3 20. bxc3 Bc4 21. Rf2 $146 ({Predecessor:} 21. Rfe1 Rhe8 22. a3 g6 23. Bd4 Rxe1+ 24. Rxe1 Kd7 25. Kf2 Re8 26. Be3 Re6 27. g4 {½-½ Paichadze,L (2529)-Petrosyan,M (2541) New Delhi op 21st 2025 (7)} )Rhe8 {[%emt 0:0:0] The position is equal.} 22. Bd4 f6 23. Rd2 Re6 24. a3 Rde8 25. h4 Re2 26. Rad1 Rxd2 27. Rxd2 Re2 28. Rxe2 Bxe2 $11 {[%emt 0:0:33][%mdl 4096] Endgame KB-KB. White is a pawn up.} 29. h5 Kd7 30. Kf2 Bd1 31. h6 gxh6 32. Ke3 Bxc2 33. Bxf6 Ke6 34. Bg7 h5 35. Kd4 a5 36. Be5 a4 37. Bc7 Kf5 38. c4 bxc4 39. Kxc4 Bb3+ 40. Kd4 Bc2 41. Kd5 Bb3+ {[%emt 0:20:11] Weighted Error Value: White=0.03 (flawless) /Black=0.03 (flawless)   Inaccurate:     	White=1     	---        OK:         	White=2     	Black=5} 1/2-1/2

[Event "88th Tata Steel Masters 2026"]
[White "Aravindh,Chithambaram VR."]
[Black "Bluebaum,Matthias"]
[Site "Wijk aan Zee"]
[Round "1.2"]
[Annotator "TA"]
[Result "1/2-1/2"]
[Date "2026.01.17"]
[WhiteElo "2700"]
[BlackElo "2679"]
[PlyCount "82"]
[TimeControl "60"]

1. d4 d5 2. Nf3 Nf6 3. c4 e6 4. g3 Be7 5. Bg2 O-O 6. O-O dxc4 7. Qc2 a6 8. a4 Bd7 9. Qxc4 Bc6 10. Bg5 Nbd7 11. Nc3 h6 12. Bf4 {[%emt 0:0:0] E05: Open Catalan: 5 Nf3 Be7.} Bd6 13. Qd3 Bxf4 14. gxf4 a5 15. Kh1 Nb6 $146 ({Predecessor:} 15... Ra6 16. Rg1 Rb6 17. Ne5 Nxe5 18. fxe5 Ng4 19. Qg3 Qxd4 20. Bxc6 Nxf2+ 21. Kg2 bxc6 22. Qxf2 Qxe5 {½-½ Caruana,F (2803)-Sarana,A (2677) Tata Steel-A 87th 2025 (7)} )16. e3 Qe7 17. Rg1 Bxf3 18. Bxf3 c6 19. Rg3 Kh8 20. Rag1 Rg8 21. b3 Nbd5 22. Nxd5 Nxd5 23. Qe4 Qf6 24. Rh3 Rac8 25. Rh5 (25. Qe5 {simplifies} Qxe5 26. fxe5 b6 27. Kg2 )c5 26. dxc5 Rxc5 27. Qe5 Rgc8 28. Qxf6 Nxf6 29. Rxc5 Rxc5 30. Bxb7 $11 {[%emt 0:1:1][%mdl 4096] Endgame KRB-KRN. White is a pawn up.} Rc2 31. Kg2 Ng4 32. Kf3 f5 33. h3 Nxf2 34. Rg6 Rb2 35. Bc6 ({Much weaker is} 35. Rxe6 $6 Nh1 36. e4 (36. Re8+ Kh7 $15 )Rxb3+ 37. Kg2 Rxb7 $11 )e5 36. fxe5 Nd3 37. Re6 Rf2+ 38. Kg3 Re2 {[%emt 0:0:33] The position is equal.} 39. Kf3 Rf2+ 40. Kg3 Re2 41. Kf3 Rf2+ {[%emt 0:21:45] Weighted Error Value: White=0.08 (flawless) /Black=0.06 (flawless)   Inaccurate:     	White=4     	Black=3      OK:         	White=3     	Black=8      Best:        	---       	Black=2} 1/2-1/2

[Event "88th Tata Steel Masters 2026"]
[White "Niemann,Hans Moke"]
[Black "Fedoseev,Vladimir"]
[Site "Wijk aan Zee"]
[Round "1.3"]
[Annotator "TA"]
[Result "1-0"]
[Date "2026.01.17"]
[WhiteElo "2725"]
[BlackElo "2705"]
[PlyCount "31"]
[TimeControl "60"]

1. e4 e5 2. Nf3 Nf6 3. Nxe5 d6 4. Nf3 Nxe4 5. d4 d5 6. Bd3 Bd6 7. O-O O-O 8. c4 c6 9. Re1 Bf5 10. Qb3 Qd7 {[%emt 0:0:0] A sharp opening The main line 10...Qd7 scores better than 10...Na6. C42: Petroff Defence: 3 Nxe5 and unusual White 3rd moves.} (10... Na6 $11 )11. c5 Bc7 12. Nc3 ({White should play} 12. Nbd2 $11 )Re8 (12... Nxc5 $15 13. Bxf5 Nxb3 14. Bxd7 Nxa1 )13. Be3 Bg6 $146 (13... Na6 $5 )({Predecessor:} 13... h6 14. Nh4 Bh7 15. g3 Bd8 16. Nf3 Bf6 17. Rad1 Na6 18. Bxe4 dxe4 19. Ne5 Bxe5 20. dxe5 {½-½ Maghsoodloo,P (2740)-Nepomniachtchi,I (2769) Tata Steel-A 86th 2024 (7)} )14. g3 Nxc5 15. dxc5 $18 Bxd3 16. Qxb7 {[%emt 0:0:0] Weighted Error Value: White=0.30/Black=0.56   Missed win:     	White=1     	---        Mistake:       	White=1     	Black=2      Inaccurate:     	White=1     	Black=1      OK:         	---       	Black=1} 1-0

[Event "88th Tata Steel Masters 2026"]
[White "Keymer,Vincent"]
[Black "Giri,Anish"]
[Site "Wijk aan Zee"]
[Round "1.4"]
[Annotator "TA"]
[Result "1-0"]
[Date "2026.01.17"]
[WhiteElo "2776"]
[BlackElo "2760"]
[PlyCount "45"]
[TimeControl "60"]

1. d4 d5 2. c4 dxc4 3. Nf3 Nf6 4. e3 e6 5. Bxc4 c5 6. O-O a6 7. Re1 Nc6 8. Nc3 Be7 9. dxc5 Qxd1 10. Rxd1 Bxc5 11. Nd2 {[%emt 0:0:0] D27: Queen's Gambit Accepted: Classical main line: 7 e4!? and 7 a4.} O-O 12. Nb3 Ba7 13. Be2 {[%emt 0:0:0] White has an edge.} Rd8 $146 ({Predecessor:} 13... Bd7 14. g4 h6 15. Ne4 Nxe4 16. Rxd7 Rab8 17. Rd1 Rfd8 18. Rxd8+ Rxd8 19. Bf3 Ng5 20. Bxc6 bxc6 {½-½ Paravyan,D (2612)-Sychev,K (2540) RUS-ch Higher League 76th 2023 (3)} )14. Bd2 Bd7 15. Be1 Be8 16. Kf1 Rac8 17. Rxd8 Rxd8 18. Rc1 h6 {[%emt 0:12:18] The position is symmetric and equal} 19. Na4 Nd4 20. exd4 Bxa4 21. Rc7 Rb8 (21... Bc6 {might be stronger.} 22. Bxa6 Nd5 (22... Bxd4 23. Nxd4 Rxd4 24. Bc3 $14 )(22... Bb8 23. Rxb7 Bxb7 24. Bxb7 $14 )23. Rxb7 Bb6 )22. Na5 $11 Bxd4 $2 {[%emt 0:0:41] [#]} (22... Nd5 $11 23. Rxb7 Rxb7 24. Nxb7 Bxd4 )23. Rc4 {[%emt 0:1:52] Weighted Error Value: White=0.08 (flawless) /Black=0.43   Loses game:     	---       	Black=1      Mistake:       	---       	Black=1      OK:         	White=1     	Black=2} (23. Nxb7 $2 {is the wrong capture.} Bb6 (23... Bxb2 24. Nd6 $15 )24. Rc3 Rxb7 $19 )1-0

[Event "88th Tata Steel Masters 2026"]
[White "Sindarov,Javokhir"]
[Black "Gukesh D"]
[Site "Wijk aan Zee"]
[Round "1.5"]
[Annotator "TA"]
[Result "1/2-1/2"]
[Date "2026.01.17"]
[WhiteElo "2726"]
[BlackElo "2754"]
[PlyCount "155"]
[TimeControl "60"]

1. d4 Nf6 2. c4 e6 3. Nf3 d5 4. Nc3 Nbd7 5. Qc2 Bb4 6. cxd5 exd5 7. Bg5 h6 $1 {[%emt 0:0:0][%mdl 4] is more profitable than 7...c5 at the moment.} 8. Bxf6 {[%emt 0:17:37] D38: Queen's Gambit Declined: Ragozin Defence (4 Nf3 Bb4).} Bxc3+ 9. Qxc3 Nxf6 10. e3 Ne4 11. Qa3 Nd6 $146 ({Predecessor:} 11... Qd6 12. Qxd6 Nxd6 13. Bd3 Bf5 14. Bxf5 Nxf5 {½-½ Von Buelow,G (2402)-Neubauer,M (2432) Rio de Janeiro op UERJ 60 anos 2010 (6.1)} )12. Bd3 O-O 13. O-O c6 14. Ne5 Bf5 15. Bxf5 Nxf5 16. Qc3 a5 17. a4 Qe7 18. Rab1 Nd6 19. b4 axb4 20. Qxb4 Ra7 21. Nd3 Qc7 22. Rfc1 Rfa8 23. Nc5 Nc4 24. Nd3 h5 25. h3 g6 26. Re1 h4 27. Rec1 Kg7 28. Re1 Kg8 29. Rec1 Qd8 30. Ne5 Nd6 31. Ra1 Ne4 32. Ra2 Qd6 33. Qb6 Qe7 34. Qb3 Ra5 35. Nd3 b5 36. Rca1 Qa7 37. Qc2 bxa4 (37... Qa6 {simplifies} 38. Nb4 Qb7 39. axb5 Rxa2 40. Rxa2 Rxa2 41. Nxa2 Qxb5 42. Nc1 Kg7 )38. Nb4 (38. Qxc6 $11 {remains equal.} Qb8 39. Ra3 )Qb7 $17 39. Rxa4 Qxb4 40. Rxb4 Rxa1+ 41. Kh2 Kg7 42. Rb7 $2 (42. Qxc6 Nxf2 43. g3 R8a2 44. Kg2 Ne4+ 45. Kf3 Rf1+ 46. Kg4 hxg3 47. Kh4 g2 48. Rb8 Raf2 49. Qd7 g5+ 50. Kh5 Nf6+ 51. Kxg5 g1=Q+ )(42. Rb2 Rf1 43. Ra2 (43. Qxc6 $2 Raa1 $19 )Rb8 $19 (43... Rxf2 44. Qxf2 Nxf2 45. Rxa8 $18 ))(42. Rb1 $17 )Rf1 $19 43. Qxc6 $2 (43. Rb1 Rxf2 44. Qd1 (44. Qxc6 $2 Raa2 $19 ))Raa1 {[%emt 0:0:4][%csl Ga1][%cal Rf1h1] [#]} 44. Rxf7+ ({And not} 44. Qxd5 Rh1# )Kxf7 45. Qxd5+ Kg7 46. Qe5+ Nf6 47. Qe7+ Kh6 {[%emt 0:1:3][%csl Ga1][%cal Rf1h1] [#]} 48. Qf8+ Kh7 (48... Kg5 49. Qc5+ Kh6 50. Qf8+ Kh5 51. Qh8+ Kg5 52. f4+ Kf5 53. Qc8+ (53. Qxh4 $2 Rh1+ 54. Kg3 Ne4+ 55. Kf3 Rhf1+ 56. Ke2 Rf2+ 57. Kd3 Rxg2 $19 )Ke4 54. Qe6+ (54. Qc6+ Nd5 55. Qe8+ Kd3 56. Qb5+ Kxe3 57. Qb3+ Ke4 58. Qc2+ Kxf4 )Kd3 55. Qb3+ Ke2 56. Qb2+ Kxe3 57. Qb3+ Kxf4 (57... Kxd4 58. Qb2+ Kd3 59. Qb3+ Kd4 60. Qb2+ Kc4 61. Qe2+ Kc5 62. Qe7+ Kc4 63. Qc7+ Kd3 64. Qd8+ Kc2 65. Qc7+ Kd2 66. Qd6+ Ke2 67. Qe5+ Kd3 68. Qb5+ Ke3 69. Qb6+ Kd3 70. Qb3+ Kd4 $11 )58. g3+ hxg3+ 59. Qxg3+ Ke4 60. Qxg6+ Rf5 (60... Kxd4 $2 61. Qg2 $19 )61. d5 )49. Qf7+ Kh6 50. Qf8+ Kh5 51. Qh8+ Kg5 52. f4+ Kf5 53. Qxh4 $2 (53. Qc8+ Ke4 54. Qe6+ (54. Qc6+ Nd5 55. Qe8+ Kd3 56. Qb5+ Kxe3 57. Qb3+ Ke4 58. Qc2+ Kxf4 )Kd3 55. Qb3+ Ke2 56. Qb2+ Kxe3 57. Qb3+ Kxf4 (57... Kxd4 58. Qb2+ Ke4 59. Qe5+ Kd3 60. Qd6+ Ke2 61. Qe5+ Kd3 62. Qd6+ Ke2 63. Qe6+ Kd2 64. Qd6+ Ke3 65. Qb6+ Kd3 66. Qd6+ $11 )58. g3+ hxg3+ 59. Qxg3+ Ke4 60. Qxg6+ Kxd4 61. Qg2 )Rh1+ 54. Kg3 Ne4+ 55. Kf3 Rhf1+ 56. Ke2 Rf2+ 57. Kd3 Rd2+ 58. Kc4 Rc1+ 59. Kb3 Rc3+ 60. Kb4 Rb2+ 61. Ka4 Ra2+ $2 (61... Rc6 $19 62. Qg4+ Kf6 63. Qh4+ Ke6 64. d5+ Kxd5 65. Qd8+ Nd6 )62. Kb4 $1 $11 {[%emt 0:0:2] The board is on fire.} Rb2+ $2 (62... Rxe3 $11 63. Qg4+ Kf6 64. Qh4+ Ke6 65. f5+ Kd7 (65... Kxf5 $2 {is the wrong capture.} 66. Qg4+ Kf6 67. Qf4+ Kg7 68. Qxe3 $18 )66. Qh7+ Kc6 67. d5+ Kd6 68. Qxg6+ Ke5 (68... Kxd5 $2 69. Qe6+ Kd4 70. Qxa2 $18 )69. Qg7+ Nf6 (69... Kxd5 $2 70. Qg8+ Ke5 71. Qe6+ Kf4 72. Qxa2 $18 )(69... Kxf5 70. Qh7+ Ke5 71. Qg7+ Kf5 72. Qh7+ Ke5 73. Qc7+ Nd6 74. Qe7+ Kd4 75. Qxd6 $11 ))63. Ka4 $19 Rxe3 (63... Nd2 $142 64. Qe7 Ra2+ 65. Kb5 Rb3+ 66. Kc5 Rc2+ 67. Kd5 Rb5+ 68. Qc5 Rbxc5+ 69. dxc5 Nc4 70. g4+ Kf6 )64. Qg4+ Kf6 65. Qh4+ $2 (65. f5 Ra2+ (65... gxf5 $2 66. Qh5 $19 )66. Kb4 Rb2+ 67. Ka4 )Ke6 66. Qd8 Ra2+ $2 (66... Nc3+ $19 67. Ka3 Nd1+ 68. Ka4 Kf7 )67. Kb4 $11 Rb2+ $2 (67... Ree2 $11 68. d5+ Kf7 69. Qd7+ Kf8 70. Qd8+ Kf7 )68. Ka4 $19 Rxg2 69. Qg8+ Kf5 $2 (69... Ke7 $19 70. Qg7+ Kd8 )70. Qf8+ $11 {[%emt 0:0:11] The position is equal.} Nf6 71. Qc5+ $1 Kxf4 72. Qd6+ Kf5 73. Qc5+ Kf4 74. Qd6+ Kg5 75. h4+ $1 Kf5 76. Qc5+ Kf4 77. Qd6+ Kf5 78. Qc5+ {[%emt 0:0:2] Weighted Error Value: White=0.29 (precise) /Black=0.13 (very precise)   Loses game:     	White=1     	---        Missed win:     	---       	Black=1      Mistake:       	White=4     	Black=2      Inaccurate:     	White=2     	---        OK:         	White=8     	Black=14     Best:        	White=11    	Black=1      Strong:       	White=2     	---} 1/2-1/2

[Event "88th Tata Steel Masters 2026"]
[White "Van Foreest,Jorden"]
[Black "Nguyen,Thai Dai Van"]
[Site "Wijk aan Zee"]
[Round "1.6"]
[Annotator "TA"]
[Result "1/2-1/2"]
[Date "2026.01.17"]
[WhiteElo "2703"]
[BlackElo "2656"]
[PlyCount "54"]
[TimeControl "60"]

1. e4 e5 2. Nf3 Nf6 3. d4 Nxe4 4. Bd3 d5 5. Nxe5 Nd7 6. O-O Nxe5 7. dxe5 Nc5 8. Be2 c6 {[%emt 0:0:0] C43: Petroff Defence: 3 d4.} 9. Nd2 Be7 10. f4 Bf5 $146 {[%emt 0:25:8] Black is slightly better.} ({Predecessor:} 10... O-O 11. h3 Qb6 12. Kh1 f6 13. c4 fxe5 14. fxe5 Rxf1+ 15. Qxf1 Be6 16. a3 Rf8 17. Qg1 dxc4 18. Nxc4 Qb5 19. a4 Nxa4 20. Qd4 Nc5 21. Ra5 Nb3 {0-1 Kuge,T (1733)-Gibson,T (2017) FICGS W-ch st1 g02 email 2012 (1)} )11. g4 Be4 12. Nxe4 Nxe4 13. Bf3 h5 14. gxh5 (14. g5 $14 )Bc5+ $15 {[%emt 0:0:0] Black sacrificed a pawn} 15. Kg2 Qh4 16. Qe1 {[%emt 0:1:8] Prevents Nf2.} Rxh5 17. Qxh4 {[%emt 0:16:48] Successful Defense White} Rxh4 18. b4 Bd4 19. Rb1 Ke7 {[%emt 0:2:18] ...Rah8 is the strong threat.} 20. Bxe4 dxe4 21. h3 f6 (21... f5 $17 22. Rb3 g5 )22. Rd1 $11 fxe5 23. fxe5 {[%emt 0:0:0] The position is equal.} e3 24. Rd3 Re4 25. Kf3 Rh4 26. Kg2 Re4 27. Kf3 Rh4 {[%emt 0:0:37] Weighted Error Value: White=0.13 (very precise) /Black=0.12 (very precise)   Mistake:       	White=1     	Black=1      Inaccurate:     	White=2     	Black=4      OK:         	White=5     	Black=4      Best:        	---       	Black=1} 1/2-1/2

[Event "88th Tata Steel Masters 2026"]
[White "Erigaisi Arjun"]
[Black "Praggnanandhaa R"]
[Site "Wijk aan Zee"]
[Round "1.7"]
[Annotator "TA"]
[Result "1-0"]
[Date "2026.01.17"]
[WhiteElo "2775"]
[BlackElo "2758"]
[PlyCount "63"]
[TimeControl "60"]

1. d4 d5 2. c4 dxc4 3. e4 e5 4. Nf3 exd4 5. Bxc4 Nc6 6. Qb3 {[%emt 0:0:0][%mdl 1024] White has compensation. D20: Queen's Gambit Accepted: 3 e3 and 3 e4.} Bb4+ 7. Nbd2 Qf6 8. O-O {[%emt 0:0:0] The position is equal.} Nge7 9. e5 Qg6 10. Nh4 {[%emt 0:0:0] is the legacy move (10.Bd3).} Qh5 11. Ndf3 {[%emt 0:0:0] White sacrificed a pawn} Ba5 $146 ({Predecessor:} 11... a5 12. a3 a4 13. Qc2 Ba5 14. Qxa4 h6 15. b4 g5 16. bxa5 gxh4 17. Nxd4 Rg8 {½-½ Krzyzanowski,W (2457)-Schuster,P (2454) ICCF GMN/052 email 2016} )12. h3 $1 d3 (12... h6 $1 $11 )13. Qxd3 $16 Nxe5 (13... Ng6 $142 14. g4 Bxg4 15. hxg4 Qxg4+ 16. Ng2 Ngxe5 17. Nxe5 Nxe5 )14. Nxe5 {[%emt 0:0:50] A sharp opening} Qxe5 15. Nf3 {[%emt 0:0:40] White is more active.} Qd6 (15... Qf5 $16 )16. Qb3 $2 {[%emt 0:5:40] [#]} (16. Qe2 $18 {and White stays clearly on top.} )Be6 $2 {[%emt 0:4:54] This costs Black the game.} (16... O-O $16 )17. Bxe6 $18 (17. Qxb7 O-O 18. Bxe6 Qxe6 $14 )fxe6 18. Rd1 ({Not} 18. Qxb7 O-O $16 )Qb6 19. Qa4+ c6 20. Qe4 Qb5 {[%emt 0:3:34] Inhibits Bg5.} (20... Rd8 $142 21. Bg5 Qc7 )21. Qxe6 Qf5 22. Qe2 $40 {[%emt 0:1:13][%mdl 128] [#] Bg5 is the strong threat. White has strong attack.} Rf8 (22... Qb5 {was worth a try.} 23. Qe6 Qf5 )23. Rd3 Bb6 $2 (23... Rf6 24. Bg5 Re6 )24. Bg5 Rf7 25. g4 Qg6 26. Re1 Bxf2+ $2 (26... Rd8 27. Rxd8+ Bxd8 )27. Kxf2 Qxg5 28. Kg2 Qc5 29. Ne5 Rf4 30. Nd7 Qg5 31. Qe6 O-O-O 32. Nf6+ {[%emt 0:0:49] Weighted Error Value: White=0.26 (precise) /Black=0.97   Loses game:     	---       	Black=1      Mistake:       	White=1     	Black=7      Inaccurate:     	White=1     	Black=2      OK:         	White=3     	Black=3      Strong:       	White=1     	---} 1-0

[Event "88th Tata Steel Masters 2026"]
[White "Bluebaum,Matthias"]
[Black "Niemann,Hans Moke"]
[Site "Wijk aan Zee"]
[Round "2.1"]
[Annotator "TA"]
[Result "1/2-1/2"]
[Date "2026.01.18"]
[WhiteElo "2679"]
[BlackElo "2725"]
[PlyCount "55"]
[TimeControl "60"]

1. d4 Nf6 2. c4 e6 3. Nf3 d5 4. Nc3 c5 5. cxd5 cxd4 6. Qxd4 exd5 7. e4 {[%emt 0:0:0] 7.Bg5 is the modern continuation. D41: Queen's Gambit Declined: Semi-Tarrasch with 5 cxd5.} dxe4 8. Qxd8+ Kxd8 9. Ng5 Be6 10. Nxe6+ fxe6 11. Bg5 Nc6 12. O-O-O+ {[%emt 0:0:0] White sacrificed a pawn} ({Reject} 12. Nxe4 Bb4+ 13. Nc3 Ke7 $11 )Ke8 13. Kb1 Be7 14. Bb5 $146 ({Predecessor:} 14. Bc4 Kf7 15. Bxf6 gxf6 16. Nxe4 Rhd8 17. f4 Nd4 18. Ng3 Rac8 19. Bd3 f5 20. Ne2 {0-1 Yilmaz,M (2629)-Wei,Y (2722) PRO League Prelim rapid 2023 (4.4)} )Kf7 15. Bxc6 bxc6 16. Rd4 h6 17. Be3 Bc5 18. Rc4 Bxe3 19. fxe3 Rhd8 20. Rc1 Rd3 21. Nxe4 Rxe3 22. Nd6+ Kg6 23. Rxc6 Rd8 24. Ra6 Re2 25. Rc2 Re1+ 26. Rc1 Re2 27. Rc2 Re1+ 28. Rc1 {[%emt 0:0:34] Weighted Error Value: White=0.05 (flawless) /Black=0.03 (flawless)   Inaccurate:     	White=1     	Black=1      OK:         	White=7     	Black=6} 1/2-1/2

[Event "88th Tata Steel Masters 2026"]
[White "Giri,Anish"]
[Black "Sindarov,Javokhir"]
[Site "Wijk aan Zee"]
[Round "2.2"]
[Annotator "TA"]
[Result "1/2-1/2"]
[Date "2026.01.18"]
[WhiteElo "2760"]
[BlackElo "2726"]
[PlyCount "88"]
[TimeControl "60"]

1. c4 e6 2. g3 d5 3. Bg2 Nf6 4. Nf3 d4 5. d3 Nc6 6. O-O Bc5 {[%emt 0:0:0] A13: English Opening: 1...e6.} 7. Nbd2 O-O 8. Nb3 Be7 9. e3 dxe3 10. Bxe3 Ng4 11. Bc5 Bxc5 12. Nxc5 b6 13. Nb3 {[%emt 0:8:21] and Nh4 would now be decisive} Bb7 14. d4 Ne7 15. Qd3 $146 ({Predecessor:} 15. Qe2 Nf6 16. Rad1 Bxf3 17. Qxf3 c6 18. Qc3 Qc7 19. Nd2 Rfd8 20. Nf3 Rd6 21. Rd3 {½-½ Mchedlishvili,M (2564)-Gledura,B (2633) EU-chT 24th Budva 2023 (3.11)} )Nf6 16. Rad1 Qd6 17. Rfe1 Rad8 18. a3 Bxf3 19. Bxf3 c6 20. Qc3 Rd7 21. Nc1 Nf5 22. b4 (22. Nd3 $11 )Nxd4 $17 23. Bxc6 {[%emt 0:2:40] [#]} Ne2+ $1 24. Nxe2 $11 Qxc6 25. Nd4 Qa4 26. Qb3 Qxb3 27. Nxb3 Rfd8 28. Rxd7 Rxd7 {[%emt 0:0:34][%mdl 4096] Endgame KRN-KRN} 29. Re2 Kf8 30. Rd2 Rxd2 31. Nxd2 {[%emt 0:0:39] KN-KN} e5 32. Kf1 Ke7 33. Ke2 Ke6 34. f3 h5 35. Kd3 g5 36. Ne4 g4 37. Nxf6 Kxf6 {[%emt 0:0:40] KP-KP} 38. Ke3 Kf5 39. c5 $2 (39. Ke2 $11 )bxc5 $19 40. bxc5 Ke6 41. f4 {[%emt 0:24:5] [#]} a5 $2 (41... f6 $1 $19 42. Ke4 f5+ 43. Ke3 a5 44. fxe5 Kxe5 )42. c6 $1 $11 {[%emt 0:4:35] The position is equal.} f6 {[%emt 0:1:11] and ...Kd6 would now be decisive} 43. fxe5 (43. c7 $5 Kd7 $8 44. fxe5 fxe5 45. Ke4 Kxc7 46. Kxe5 $11 )fxe5 44. Ke4 (44. c7 $5 Kd7 $8 45. Ke4 Kxc7 46. Kxe5 $11 )Kd6 {[%emt 0:0:4] Weighted Error Value: White=0.34/Black=0.18 (very precise)   Loses game:     	White=1     	---        Mistake:       	White=1     	Black=1      OK:         	White=9     	Black=10} 1/2-1/2

[Event "88th Tata Steel Masters 2026"]
[White "Gukesh D"]
[Black "Van Foreest,Jorden"]
[Site "Wijk aan Zee"]
[Round "2.3"]
[Annotator "TA"]
[Result "1/2-1/2"]
[Date "2026.01.18"]
[WhiteElo "2754"]
[BlackElo "2703"]
[PlyCount "66"]
[TimeControl "60"]

1. d4 Nf6 2. c4 g6 3. h4 Bg7 4. Nc3 d6 5. e4 c5 6. dxc5 {[%emt 0:0:0] E60: King's Indian: Unusual lines and Fianchetto Variation without Nc3.} Qa5 7. Bd2 Qxc5 8. Be2 h5 9. Nf3 Bg4 10. O-O $146 ({Predecessor:} 10. b4 Qc8 11. Qa4+ Nbd7 12. Rc1 O-O 13. O-O Nb6 14. Qb3 Be6 15. Nd5 Qd7 16. Bd3 {½-½ Zhang,C (1521)-Malcolm,A (1538) North Island-ch Staurt Memorial 2023 (5)} )O-O 11. Rc1 Bxf3 12. Bxf3 Nc6 13. Nd5 Qd4 14. Bg5 Qxb2 15. Rb1 {[%emt 0:4:11] White sacrificed a pawn} Qxa2 16. Rxb7 Qa6 17. Qb1 Nxd5 18. cxd5 (18. exd5 $5 Nd4 19. c5 $15 )Nd4 19. Bxe7 Rfe8 20. Bg5 {[%emt 0:6:27] The position is equal.} Qa3 21. Be3 a5 22. Rc1 {[%emt 0:6:17] Against Qc3} Rec8 23. Rxc8+ Rxc8 24. Rxf7 Kxf7 25. Qb7+ Kg8 26. Qxc8+ Kh7 27. Bxh5 Qa1+ 28. Kh2 gxh5 29. Bxd4 Qxd4 30. Qf5+ Kg8 (30... Kh8 $5 31. Qc8+ $8 (31. Qxh5+ Kg8 $17 )Kh7 32. Qf5+ Kh6 33. Qf4+ Kh7 34. Qf5+ $11 )31. Qe6+ Kh7 32. Qf5+ Kg8 33. Qe6+ Kh7 {[%emt 0:0:43] Weighted Error Value: White=0.04 (flawless) /Black=0.03 (flawless)   Inaccurate:     	White=1     	Black=1      OK:         	White=8     	Black=10     Best:        	White=4     	---} 1/2-1/2

[Event "88th Tata Steel Masters 2026"]
[White "Abdusattorov,Nodirbek"]
[Black "Praggnanandhaa R"]
[Site "Wijk aan Zee"]
[Round "2.4"]
[Annotator "TA"]
[Result "1-0"]
[Date "2026.01.18"]
[WhiteElo "2751"]
[BlackElo "2758"]
[PlyCount "119"]
[TimeControl "60"]

1. d4 d5 2. c4 e6 3. Nf3 Nf6 4. Nc3 h6 5. cxd5 exd5 6. Bf4 {[%emt 0:0:0] D35: Queen's Gambit Declined: Exchange Variation.} Bd6 7. Bxd6 Qxd6 8. e3 {[%emt 0:0:0] The position is equal.} Bf5 9. Nh4 $5 {[%emt 0:0:0][%mdl 4] Exploring less charted territory.} Bh7 10. Bd3 O-O 11. Bxh7+ Kxh7 12. Qb3 $146 ({Predecessor:} 12. Qc2+ g6 13. Nf3 Nbd7 14. O-O c6 15. Rab1 a5 16. a3 Kg7 17. Rfc1 h5 18. h3 {1-0 Vantika,A (2369)-Harish,N (2107) Sant Boi de Llobregat op 6th 2025 (7)} )Nbd7 13. O-O (13. Qxb7 $2 Rfb8 14. Nf5 Rxb7 $19 )Rab8 14. a4 c6 {[%emt 0:2:1] Inhibits Nb5.} 15. a5 g6 16. Nf3 Kg7 17. Qa3 Ne8 18. a6 b5 {[%emt 0:6:7] [#] aiming for ...b4.} 19. Qxd6 Nxd6 20. Rfc1 Rfc8 21. b3 b4 22. Na4 Rb5 23. Ne1 c5 24. dxc5 Nxc5 25. Nxc5 Rcxc5 26. Rxc5 Rxc5 $11 {[%emt 0:0:35][%mdl 4096] Endgame KRN-KRN} 27. Nd3 Rb5 28. f3 Nc4 29. Kf2 (29. bxc4 dxc4 30. Nc1 (30. Nb2 c3 $17 )b3 )({White should try} 29. Rc1 $16 Nd2 (29... Nxe3 $2 30. Rc7 $18 )30. Rc7 Nxb3 31. Rb7 (31. Rxa7 $2 Nc5 $18 ))Na5 30. Rc1 Nxb3 31. Rc7 d4 (31... Nd2 $11 {keeps the balance.} )32. Rxa7 $16 {[%emt 0:6:50] White is more active.} Nc5 {[%emt 0:7:17] Wards off Rb7} 33. Nxc5 Rxc5 34. exd4 {[%emt 0:0:37] KR-KR. White is a pawn up.} Rc6 35. Ra8 Kf6 36. Ke3 b3 37. a7 Rc7 38. h4 h5 39. Ke4 Rb7 40. Rb8 Rxa7 41. Rxb3 Ra2 42. g3 Rg2 (42... Ke6 $142 )43. f4 Ke6 44. d5+ Kd6 45. Rb6+ Ke7 46. Rb7+ Kf6 47. Rb3 Ke7 $2 (47... Ra2 {is a better defense.} )48. f5 $18 gxf5+ 49. Kxf5 Rd2 50. Re3+ Kf8 51. Re5 Rd4 (51... Kg7 $142 52. Ke4 Ra2 53. Rxh5 Kg6 54. Rg5+ Kf6 55. Rf5+ Ke7 )52. Kf6 Rd3 53. Rxh5 {[%emt 0:2:10][%cal Rh5h8] [#]} Rf3+ 54. Ke5 Rxg3 55. Kd6 Ra3 56. Re5 f6 57. Re1 Rh3 58. Kc6 Rxh4 59. d6 Rc4+ 60. Kd5 {[%emt 0:1:25] Weighted Error Value: White=0.07 (flawless) /Black=0.46   Mistake:       	White=1     	Black=5      Inaccurate:     	White=2     	Black=3      OK:         	White=10    	Black=5} 1-0